 Dungeon Crawl Stone Soup version bcrawl-1.12.2 (webtiles) character file.

Game seed: 16996515106266679139

1078 Ebbett the Destroyer (level 8, -12/47 HPs)
             Began as a Fairy Conjurer on July 23, 2019.
             Was an Initiate of Vehumet.
             Mangled by a catoblepas (17 damage)
             ... created by the adversity of Qazlal
             ... while petrified by you
             ... on level 5 of the Dungeon.
             The game lasted 00:28:00 (4400 turns).

Ebbett the Destroyer (Fairy Conjurer)               Turns: 4400, Time: 00:28:00

Health: -12/47     AC:  7    Str: 12    XL:     8   Next: 29%
Magic:  6/20       EV:  3    Int: 20    God:    Vehumet [......]
Gold:   331        SH:  0    Dex: 14    Spells: 5/20 levels left

rFire    . . .     SeeInvis .   g - +0 rapier
rCold    . . .     Gourm    .   (shield restricted)
rNeg     + + +     Faith    .   (armour unavailable)
rPois    ∞         Spirit   .   (no helmet)
rElec    .         Reflect  .   r - +0 cloak
rCorr    .         Harm     .   h - +0 pair of gloves {Str+3}
MR       +....                  (no boots)
Stlth    +.........             d - amulet of regeneration
HPRegen  0.55/turn              m - ring of protection from magic
MPRegen  0.17/turn              p - +3 ring of strength

@: petrified, flying evasively
A: small, magic attunement, unstealthy, unfitting armour, able to fly, AC/SH +5
a: Stop Flying, Renounce Religion


You were on level 5 of the Dungeon.
You worshipped Vehumet.
Vehumet was noncommittal.
You were not hungry.

You visited 1 branch of the dungeon, and saw 5 of its levels.

You collected 331 gold pieces.

Inventory:

Hand Weapons
 g - a +0 rapier (weapon)
Armour
 h - a +0 pair of gloves of strength (worn)
 r - a +0 cloak (worn)
 t - a +0 helmet
Jewellery
 d - an amulet of regeneration (around neck)
 m - a ring of protection from magic (left hand)
 o - an uncursed ring of fire
 p - a +3 ring of strength (right hand)
 u - an uncursed ring of see invisible
 v - a +5 amulet of reflection {unknown}
Wands
 q - a wand of iceblast (20)
Scrolls
 a - 2 scrolls of identify
 i - 4 scrolls of remove curse
 j - 2 scrolls of teleportation
 l - a scroll of fog
 n - a scroll of immolation
 w - a scroll of magic mapping {unknown}
Potions
 c - a potion of brilliance
 e - 3 potions of haste
 f - 3 potions of flight
 k - a potion of curing
 s - a potion of ambrosia
Comestibles
 b - 8 rations {!d}
 x - 6 chunks of flesh


   Skills:
 + Level 0.4 Fighting
 + Level 3.4 Dodging
 + Level 2.3 Stealth
 + Level 6.9 Spellcasting
 + Level 9.2 Conjurations
 + Level 2.5 Hexes


You had 5 spell levels left.
You knew the following spells:

 Your Spells              Type           Power        Failure   Level  Hunger
a - Magic Dart            Conj           ####         1%          1    None
b - Searing Ray           Conj           #####.       1%          2    None
c - Iskenderun's Mystic   Conj           #####...     1%          3    None
d - Fulminant Prism       Conj/Hex       ####......   9%          4    None
e - Irradiate             Conj/Tmut      ####......   36%         5    None

Your spell library contained the following spells:

 Spells                   Type           Power        Failure   Level  Hunger


Dungeon Overview and Level Annotations

Branches:
Dungeon (5/12)             Temple (0/1) D:4

Altars:
Ashenzari
Elyvilon
Qazlal
Vehumet


Innate Abilities, Weirdness & Mutations

Your spells do not cause hunger and MP costs are reduced by 1.
Your bright wings attract enemies. (Stealth-)
You cannot fit into any form of body armour.
Your shimmering scales are hard and can block incoming attacks. (AC +5, SH +5)
You are small and have problems with some larger weapons.
You can fly continuously.


Message History

The catoblepas is moderately wounded.
You have turned to stone.
The catoblepas breathes a plume of calcifying dust at you.
The blast of calcifying dust hits you!
You are engulfed in calcifying dust.
The catoblepas gores you!
Your magical contamination has completely faded away.
You are engulfed in calcifying dust.
The catoblepas breathes a plume of calcifying dust at you.
The blast of calcifying dust hits you!
You are engulfed in calcifying dust.
The catoblepas breathes a plume of calcifying dust at you.
The blast of calcifying dust hits you! The catoblepas gores you!!
* * * LOW HITPOINT WARNING * * *
The catoblepas gores you but does no damage.
The catoblepas breathes a plume of calcifying dust at you.
The blast of calcifying dust hits you!
* * * LOW HITPOINT WARNING * * *
You are engulfed in calcifying dust.
The catoblepas gores you!!
You die...

## .#############
.............#####
###########......#
....# #..###.# ###.#
#..# #.# #.# #..#
#.#
#.#######..###.#####
#.#....##....Y@.§§.#
#.#....##...##.###.#
#.#....##..§##.# #.#
#.#....##...§..###.#
#.#....##...l....#.#
#.#....###.#####.#.#
# #.'....'....#
#.#.# #
###....###..# #.#.#
# #....# #..# #.#.#


You could see a catoblepas.

Vanquished Creatures
  An air elemental (D:5)
  Eustachio (D:5)
  2 basilisks (D:5)
  4 ogres
  A centaur (D:5)
  A howler monkey (D:4)
  A jelly (D:5)
  2 crimson imps
  A bullfrog zombie (D:5)
  A centaur zombie (D:5)
  An orc wizard (D:4)
  Jessica (D:2)
  4 worker ants (D:4)
  A hound skeleton (D:3)
  A worker ant zombie (D:5)
  5 adders
  A shadow imp (D:5)
  3 adder skeletons
  4 worms
  A dart slug (D:1)
  2 leopard geckos
  12 orcs
  2 ball pythons
  A giant cockroach (D:1)
  5 goblins
  5 hobgoblins
  11 jackals
  4 bats
  4 frilled lizards
  A jackal skeleton (D:4)
  5 kobolds
  4 rats
  2 plants (D:4)
95 creatures vanquished.

Vanquished Creatures (others)
  27 fulminant prisms
27 creatures vanquished.

Grand Total: 122 creatures vanquished

Notes
Turn   | Place    | Note
-------+----------+-------------------------------------------
     0 | D:1      | Ebbett the Fairy Conjurer began the quest for the Orb.
     0 | D:1      | Reached XP level 1. HP: 11/11 MP: 6/6
    67 | D:1      | Reached skill level 5 in Conjurations
   241 | D:1      | Reached XP level 2. HP: 17/17 MP: 7/7
  1234 | D:2      | Learned a level 2 spell: Searing Ray
  1253 | D:2      | Reached XP level 3. HP: 13/21 MP: 0/9
  1297 | D:2      | Noticed Jessica
  1301 | D:2      | Killed Jessica
  1301 | D:2      | Reached skill level 6 in Conjurations
  1316 | D:2      | Reached XP level 4. HP: 12/27 MP: 7/10
  1684 | D:2      | Found a stormy altar of Qazlal.
  1706 | D:2      | Became a worshipper of Qazlal Stormbringer
  1873 | D:3      | Learned a level 3 spell: Iskenderun's Mystic Blast
  1946 | D:3      | Reached XP level 5. HP: 31/31 MP: 3/12
  1961 | D:3      | Noticed an ogre
  1968 | D:3      | Killed an ogre
  1968 | D:3      | Reached skill level 7 in Conjurations
  2440 | D:4      | Reached XP level 6. HP: 32/36 MP: 9/14
  2507 | D:4      | Found a staircase to the Ecumenical Temple.
  2628 | D:4      | Reached skill level 5 in Spellcasting
  2721 | D:4      | Reached * piety under Qazlal
  2805 | D:4      | Learned a level 4 spell: Fulminant Prism
  2866 | D:4      | Found a radiant altar of Vehumet.
  2880 | D:4      | Fell from the grace of Qazlal
  2880 | D:4      | Became a worshipper of Vehumet
  2888 | D:4      | Reached skill level 8 in Conjurations
  2888 | D:4      | Reached XP level 7. HP: 20/42 MP: 3/16
  2991 | D:4      | Found a white marble altar of Elyvilon.
  3007 | D:4      | Reached skill level 1 in Hexes
  3540 | D:4      | Learned a level 5 spell: Irradiate
  3553 | D:5      | Entered Level 5 of the Dungeon
  3640 | D:5      | Noticed Eustachio
  3676 | D:5      | Killed Eustachio
  3697 | D:5      | Reached XP level 8. HP: 47/47 MP: 8/19
  3738 | D:5      | Found a shattered altar of Ashenzari.
  3796 | D:5      | Noticed an air elemental
  3834 | D:5      | Reached skill level 9 in Conjurations
  4027 | D:5      | Killed an air elemental
  4380 | D:5      | Noticed a catoblepas
  4400 | D:5      | Mangled by a catoblepas

Skill      XL: |  1  2  3  4  5  6  7  8 |
---------------+-------------------------+-----
Conjurations   | 5 6 7 8 9 |  9.2
Spellcasting   | 3 4 5 6 |  6.9
Dodging        | 3 |  3.4
Stealth        | 2 |  2.3
Hexes          | 2 |  2.5
Fighting       | |  0.4

Action                   |  1- 3 |  4- 6 |  7- 9 || total
-------------------------+-------+-------+-------++-------
Melee: Spear             |     7 |       |       ||     7
       Rapier            |       |     2 |    63 ||    65
 Cast: Magic Dart        |    39 |    90 |    65 ||   194
       Searing Ray       |     7 |    17 |     7 ||    31
       Iskenderun's Myst |       |    16 |       ||    16
       Fulminant Prism   |       |     3 |    24 ||    27
  Use: Scroll            |       |    10 |     2 ||    12
       Potion            |       |     2 |     3 ||     5
  Eat: Chunk             |     1 |     5 |     1 ||     7
       Ration            |       |       |     1 ||     1
Armor: Skin              |     5 |     4 |    11 ||    20
Dodge: Dodged            |    19 |    16 |    40 ||    75
Block: Other             |     4 |     5 |    10 ||    19
